 Dungeon Crawl Stone Soup version 0.31-a0-1009-g454b1f1e0a (webtiles) character file.

Game seed: 6837511776542780618

10760 Gynju the Severer (level 11, -5/107 HPs)
             Began as a Minotaur Fighter on Nov 14, 2023.
             Was an Elder of the Shining One.
             Slain by a chaos spawn (15 damage)
             ... summoned by a kobold demonologist
             ... on level 9 of the Dungeon.
             The game lasted 00:15:14 (7692 turns).

Gynju the Severer (Minotaur Fighter)                Turns: 7692, Time: 00:15:15

Health: -5/107     AC: -6    Str: 24    XL:     11   Next: 40%
Magic:  9/13       EV: 10    Int: 12    God:    the Shining One [****..]
Gold:   552        SH:  9    Dex: 11    Spells: 10/10 levels left

rFire   . . .        a - +0 war axe (protect)
rCold   . . .        c - +0 buckler
rNeg    + + .        b - +6 swamp dragon scales "Adiyme Esoq" {rPois Regen+ Int+7}
rPois   +            f - +1 hat
rElec   .            e - +0 cloak
rCorr   .            (no gloves)
SInv    +            d - +1 pair of boots
Will    .....        m - amulet of reflection Stlth
                     p - ring of see invisible
HPRegen 1.17/turn    (no ring)
MPRegen 0.13/turn

%: reflection
@: mighty, corroded, under a protective aura, glowing
A: horns 2, retaliatory headbutt
a: Renounce Religion, Divine Shield, Cleansing Flame


You were on level 9 of the Dungeon.
You worshipped the Shining One.
The Shining One was greatly pleased with you.
You visited 2 branches of the dungeon, and saw 11 of its levels.
You also visited: Bailey.

You collected 552 gold pieces.

Inventory:

Hand Weapons
 a - a +0 war axe of protection (weapon)
 A - the +7 sling of Dissolution {heavy, *Corrode rElec rF+ Int+6}
   (You took it off a spriggan in a bailey)

   Int+6:     It affects your intelligence (+6).
   rF+:       It protects you from fire.
   rElec:     It insulates you from electricity.
   *Corrode:  It may corrode you when you take damage.
Armour
 b - the +6 swamp dragon scales "Adiyme Esoq" (worn) {rPois Regen+ Int+7}
   (You took it off a spriggan in a bailey)

   Int+7:     It affects your intelligence (+7).
   rPois:     It protects you from poison Regen+: It increases your rate of
   health regeneration.
 c - a +0 buckler (worn)
 d - a +1 pair of boots (worn)
 e - a +0 cloak (worn)
 f - a +1 hat (worn)
 o - a +2 scale mail of fire resistance
Jewellery
 m - an amulet of reflection (around neck)
 p - a ring of see invisible (left hand)
Scrolls
 h - 2 scrolls of enchant weapon {unknown}
 j - 3 scrolls of fear
 l - 5 scrolls of teleportation
 u - a scroll of immolation {unknown}
 v - 2 scrolls of revelation {unknown}
 y - 2 scrolls of poison
 z - a scroll of summoning {unknown}
 D - 2 scrolls of blinking {unknown}
 G - a scroll of silence {unknown}
 H - 5 scrolls of identify {@r1}
 I - a scroll of noise {unknown}
 J - a scroll of brand weapon
 K - a scroll of vulnerability
 L - a scroll of enchant armour
Potions
 g - 5 potions of curing {@q1}
 i - 2 potions of resistance
 k - 4 potions of cancellation
 n - 2 potions of might
 q - a potion of brilliance {unknown}
 r - 4 potions of heal wounds
 s - a potion of invisibility
 t - a potion of enlightenment
 w - 2 potions of attraction {unknown}
 x - a potion of lignification {unknown}
 B - a potion of magic {unknown}
 C - 3 potions of haste {unknown}
 E - a potion of mutation {unknown}
 F - a potion of ambrosia
 M - a potion of degeneration {unknown}


   Skills:
 + Level 13.2 Fighting
 - Level 16.0 Axes
 + Level 4.0 Armour
 + Level 4.0 Shields
 * Level 5.1 Invocations


You had 10 spell levels left.
You didn't know any spells.
Your spell library contained the following spells:

 Spells                   Type           Power      Damage    Failure   Level
 Foxfire                  Conj/Fire      0%         2x1d4     52%         1
 Slow                     Hex            0%         N/A       52%         1
 Blink                    Tloc           0%         N/A       67%         2
 Confusing Touch          Hex            0%         N/A       88%         3
 Sigil of Binding         Hex            0%         N/A       88%         3
 Tukima's Dance           Hex            0%         N/A       88%         3
 Vampiric Draining        Necr           0%         2d6       88%         3
 Manifold Assault         Tloc           0%         N/A       99%         4
 Passage of Golubria      Tloc           0%         N/A       99%         4
 Yara's Violent Unravell  Hex/Tmut       0%         3d3       100%        5
 Plasma Beam              Fire/Air       0%         2x1d10    100%        6
 Starburst                Conj/Fire      0%         6d3       100%        6


Dungeon Overview and Level Annotations

Branches:
Dungeon (10/15)            Temple (1/1) D:5            Lair (0/5) D:9
 Bailey (visited)
    Orc: D:9-12

Altars:
Ashenzari
Cheibriados
Dithmenos
Elyvilon
Fedhas
Gozag
Kikubaaqudgha
Makhleb
Nemelex Xobeh
Okawaru
Qazlal
Sif Muna
Trog
Uskayaw
Vehumet
Wu Jian
Xom
Yredelemnul
Zin
The Shining One

Shops:
D:7 *   D:8 [


Innate Abilities, Weirdness & Mutations

You have a pair of horns on your head.
You reflexively headbutt those who attack you in melee.


Message History

You hit the kobold demonologist but do no damage.
The kobold demonologist is almost dead.
You hit the chaos spawn but do no damage.
You hit the rust devil. The rust devil hits you! The rust devil corrodes you!
The kobold demonologist gestures wildly while chanting.
You hit the kobold demonologist but do no damage.
The kobold demonologist is almost dead.
You hit the rust devil but do no damage.
You hit the iron imp.
You hit the chaos spawn but do no damage.
The chaos spawn hits you!
* * * LOW HITPOINT WARNING * * *
You hit the kobold demonologist but do no damage.
The kobold demonologist is almost dead.
You hit the iron imp but do no damage.
You hit the chaos spawn but do no damage.
You hit the rust devil but do no damage.
The rust devil disappears in a puff of smoke!
The kobold demonologist miscasts a cantrip.
The chaos spawn hits you!
* * * LOW HITPOINT WARNING * * *
You feel very mighty all of a sudden. You block the iron imp's attack.
You closely miss the kobold demonologist.
The kobold demonologist is almost dead.
You hit the shadow imp but do no damage.
You slash the iron imp!
You hit the chaos spawn but do no damage.
The shadow imp hits you.
* * * LOW HITPOINT WARNING * * *
The kobold demonologist begins to cast a cantrip, but forgets the words!
You hit the kobold demonologist but do no damage.
The kobold demonologist is almost dead.
You hit the iron imp.
You kill the iron imp!
The iron imp disappears in a puff of smoke!
You closely miss the chaos spawn.
You hit the shadow imp but do no damage.
The chaos spawn gores you!
You die...

#.###..........##.##..####.##
##.####.#..##.#.##.##..# #.#
......#.......#.##.##..# #.#
................##.##..# #.#
....##...........).##..# #.#
....##.###.##..######..# #.#
....##.# #.....### #..# #.#
##.###.###.##..[.####..####.##
#.............K@§...........#
#..............54...........#
#.###.##..##.##..§....####.##
#.# #.##...#.##..###..# #.#
#.# #.##...#.##..# #..# #.#
#.# #.##...#)##..###..# #.#
##.###.................####.##
.............................#
............#..#.#########..##


You could see a kobold demonologist, a chaos spawn (summoned) and a shadow imp
(summoned).

Vanquished Creatures
  Gastronok (D:8)
  A two-headed ogre (Bailey)
  Maggie (D:7)
  A kobold demonologist (D:9)
  A troll (D:9)
  2 hornets
  A shadow (D:7)
  4 spriggans (Bailey)
  9 yaks (D:9)
  A wraith (D:9)
  4 wyverns
  4 steam dragons
  Menkaure (D:7)
  2 water moccasins
  3 ice beasts (D:5)
  A sky beast (D:8)
  2 orc warriors
  A black bear (D:5)
  4 centaurs
  7 ogres
  A phantom (D:3)
  A kobold brigand (D:8)
  5 bullfrogs
  17 wights (D:8)
  10 killer bees
  2 howler monkeys (D:8)
  A gnoll bouda (D:5)
  3 hounds
  3 jellies
  An orc priest (D:3)
  Crazy Yiuf (D:7)
  A sleepcap (D:5)
  9 iguanas
  5 orc wizards (D:7)
  20 gnolls
  5 adders
  5 shadow imps
  A worm (D:3)
  3 dart slugs
  23 orcs
  9 endoplasms
  3 giant cockroaches
  6 goblins
  4 hobgoblins
  4 jackals (D:4)
  3 kobolds
  5 quokkas
  7 ball pythons
  7 bats
  A frilled lizard (D:2)
217 creatures vanquished.

Vanquished Creatures (others)
  A steam dragon (D:8)
1 creature vanquished.

Grand Total: 218 creatures vanquished

Notes
Turn   | Place    | Note
-------+----------+-------------------------------------------
     0 | D:1      | Gynju the Minotaur Fighter began the quest for the Orb.
     0 | D:1      | Reached XP level 1. HP: 19/19 MP: 0/0
   329 | D:1      | Reached skill level 3 in Axes
   339 | D:1      | Reached XP level 2. HP: 27/27 MP: 1/1
  1117 | D:2      | Found a glowing golden altar of the Shining One.
  1218 | D:2      | Became a worshipper of the Shining One
  1316 | D:2      | Reached XP level 3. HP: 33/33 MP: 2/2
  1541 | D:3      | Reached skill level 4 in Axes
  1571 | D:3      | Reached XP level 4. HP: 33/41 MP: 3/3
  1606 | D:3      | Found a large runed translucent door.
  1608 | D:3      | Found a large runed translucent door.
  1647 | D:4      | Noticed a phantom
  1653 | D:3      | HP: 1/41 [gnoll/+0 flail (8)]
  1812 | D:3      | Reached skill level 5 in Axes
  2310 | D:3      | Reached XP level 5. HP: 47/47 MP: 4/4
  2315 | D:3      | Found a stormy altar of Qazlal.
  2318 | D:3      | Reached skill level 5 in Fighting
  2323 | D:3      | Found a shimmering altar of Xom.
  2353 | D:3      | Killed a phantom
  2354 | D:3      | Reached skill level 6 in Axes
  2560 | D:4      | Reached XP level 6. HP: 56/56 MP: 5/5
  3015 | D:5      | Entered Level 5 of the Dungeon
  3022 | D:5      | Reached skill level 7 in Axes
  3246 | D:5      | Noticed an ice beast
  3262 | D:5      | Killed an ice beast
  3263 | D:5      | Reached XP level 7. HP: 56/64 MP: 6/6
  3364 | D:5      | Reached * piety under the Shining One
  3373 | D:5      | Reached skill level 8 in Axes
  3529 | D:5      | Found a staircase to the Ecumenical Temple.
  3573 | D:5      | Reached skill level 1 in Invocations
  3877 | D:5      | Reached skill level 9 in Axes
  3877 | D:5      | Reached XP level 8. HP: 73/73 MP: 8/8
  4030 | Temple   | Entered the Ecumenical Temple
  4201 | D:6      | Reached skill level 10 in Axes
  4644 | D:7      | Found Annum's Elemental Accessories.
  4666 | D:7      | Found a flagged portal.
  4683 | Bailey   | Entered a bailey
  4717 | Bailey   | Reached XP level 9. HP: 14/82 MP: 10/10
  4820 | Bailey   | Reached skill level 11 in Axes
  5031 | Bailey   | Noticed a two-headed ogre
  5053 | Bailey   | Killed a two-headed ogre
  5054 | Bailey   | Reached skill level 12 in Axes
  5054 | Bailey   | Reached skill level 5 in Invocations
  5080 | Bailey   | Identified the +7 sling of Dissolution {heavy, *Corrode
                  | rElec rF+ Int+6}
  5080 | Bailey   | Identified the +6 swamp dragon scales "Adiyme Esoq" {rPois
                  | Regen+ Int+7}
  5289 | D:7      | Noticed Maggie
  5307 | D:7      | Killed Maggie
  5308 | D:7      | Reached skill level 10 in Fighting
  5308 | D:7      | Reached skill level 13 in Axes
  5308 | D:7      | Reached XP level 10. HP: 93/93 MP: 12/12
  5474 | D:7      | Reached ** piety under the Shining One
  5714 | D:7      | Found a runed translucent door.
  5714 | D:7      | Noticed Menkaure
  5715 | D:7      | Noticed Crazy Yiuf
  5933 | D:7      | Killed Crazy Yiuf
  5936 | D:7      | Killed Menkaure
  6077 | D:8      | Noticed Gastronok
  6094 | D:8      | Killed Gastronok
  6095 | D:8      | Reached skill level 14 in Axes
  6179 | D:8      | Reached *** piety under the Shining One
  6182 | D:8      | Reached skill level 15 in Axes
  6261 | D:8      | Found Buanu's Superior Scales.
  6326 | D:8      | Found a shimmering blue altar of Sif Muna.
  6394 | D:8      | Reached XP level 11. HP: 86/104 MP: 13/13
  6817 | D:9      | Found an iron altar of Okawaru.
  6877 | D:9      | Reached skill level 16 in Axes
  6987 | D:9      | Identified the +4 whip of Decvoer {heavy, *Corrode rF- rC+
                  | Dex+8}
  7032 | D:9      | Found a staircase to the Lair.
  7364 | D:9      | Found a blossoming altar of Fedhas.
  7646 | D:10     | Entered Level 10 of the Dungeon
  7646 | D:10     | Reached **** piety under the Shining One
  7692 | D:9      | Slain by a chaos spawn

Illustrated notes

Levels and vault maps discovered:
D:1:      psy_arrival_statuary, layout_loops_corners
D:2:      layout_loops_ring, basic_altar, grunt_ministairs_7
D:3:      layout_basic, jmf_multi_god_temple2, gammafunk_ghost_nasty_kobolds,
          minmay_circle_x
D:4:      layout_layer_cave
D:5:      layout_loops_cross, minmay_temple_entry_fiery, minmay_crystal_room,
          chequers_serial_rivers_micro_b, minmay_fractal_squares_gapless_5
D:6:      layout_cave_pools
D:7:      layout_loops_ring, enter_bailey_2, nicolae_elemental_shop,
          uniq_maggie, uniq_crazy_yiuf_cottage, uniq_menkaure
D:8:      kennysheep_ambush_hall, layout_cave_pools, kennysheep_mini,
          mrwooster_statue_mirror, hellmonk_scale_shop, uniq_gastronok
D:9:      layout_basic, mainiacjoe_overflow_large_starburst, lair_entry_dummy
D:10:     layout_basic, nicolae_overflow_hidden_temple, orc_0_dummy,
          serial_shops, shop_fountains, minmay_door_square
Temple:   nicolae_temple_great_sept

Skill      XL: |  1  2  3  4  5  6  7  8  9 10 11 |
---------------+----------------------------------+-----
Axes           | 3 4 5 6 7 9 10 13 15 16 | 16.0
Fighting       | 4 5 6 7 8 10 11 13 | 13.2
Invocations    | 1 3 5 |  5.1
Armour         | 4 |  4.0
Shields        | 4 |  4.0

Action                     |  1- 3 |  4- 6 |  7- 9 | 10-12 || total
---------------------------+-------+-------+-------+-------++-------
  Melee: War axe           |    53 |   122 |   145 |   254 ||   574
         Headbutt          |     6 |    29 |    32 |    77 ||   144
 Invoke: Divine Shield     |       |       |     1 |       ||     1
    Use: Potion            |       |     1 |     1 |       ||     2
         Scroll            |       |    15 |       |       ||    15
 Armour: Chain mail        |    26 |    19 |       |       ||    45
         Scale mail        |     2 |       |       |       ||     2
         Quicksilver drago |       |    38 |    77 |       ||   115
         Swamp dragon scal |       |       |     6 |   150 ||   156
  Dodge: Dodged            |    15 |    44 |    55 |    89 ||   203
  Block: Buckler           |    17 |    71 |    72 |   111 ||   271
         Reflection        |       |     2 |     6 |     3 ||    11

Table legend: (Time is in decaauts)
 A = Elapsed time spent in this place.
 B = Non-inter-level travel time spent in this place.
 C = Inter-level travel time spent in this place.
 D = Time resting spent in this place.
 E = Time spent auto-exploring this place.
 F = Levels seen in this place.
 G = Mean time per level.
                   A        B        C        D        E       F      G
               +--------+--------+--------+--------+--------+-----+--------+
         Total |   7707 |   7227 |    480 |    298 |   5372 |  12 |  642.2 |
       Dungeon |   7157 |   6677 |    480 |    153 |   5186 |  10 |  715.7 |
        Temple |      1 |      1 |      0 |      0 |      0 |   1 |    1.0 |
        Bailey |    548 |    548 |      0 |    145 |    186 |   1 |  548.0 |
               +--------+--------+--------+--------+--------+-----+--------+

Top non-repeatable levels by time:
     D:5: 1053 daAuts
     D:9: 889 daAuts
     D:7: 876 daAuts
     D:1: 872 daAuts
     D:3: 775 daAuts
     D:2: 744 daAuts
     D:4: 703 daAuts
     D:8: 688 daAuts
  Bailey: 548 daAuts
     D:6: 548 daAuts
    D:10: 7 daAuts
  Temple: 1 daAuts
